 Dungeon Crawl Stone Soup version 0.30-a0-711-gf4ac18a38d (webtiles) character file.

Game seed: 9017523721218994172

83 bande the Trooper (level 4, 0/29 HPs)
             Began as a Gargoyle Fighter on Jan 23, 2023.
             Killed from afar by an orc wizard (1 damage)
             ... with a puff of flame
             ... on level 3 of the Dungeon.
             The game lasted 00:04:12 (1498 turns).

bande the Trooper (Gargoyle Fighter)                Turns: 1498, Time: 00:04:13

Health: 0/29       AC: 18    Str: 19    XL:     4   Next: 44%
Magic:  4/4        EV:  7    Int:  9    God:
Gold:   125        SH:  0    Dex: 11    Spells: 3/3 levels left

rFire   . . .      SeeInvis .    a - +0 war axe
rCold   . . .      Faith    .    c - +0 buckler
rNeg    + + .      Spirit   .    l - +0 chain mail
rPois   ∞          Reflect  .    (no helmet)
rElec   +          Harm     .    (no cloak)
rCorr   .          Rampage  .    (no gloves)
Will    .....                    g - +0 pair of boots Stlth
                                 (no amulet)
HPRegen 0.24/turn                b - +4 ring of protection
MPRegen 0.09/turn                i - ring of positive energy

@: confused
A: sickness immunity, AC +3, negative energy resistance 1, electricity
resistance, torment resistance 1, petrification resistance
a: no special abilities


You were on level 3 of the Dungeon.
You visited 1 branch of the dungeon, and saw 3 of its levels.

You collected 125 gold pieces.

Inventory:

Hand Weapons
 a - a +0 war axe (weapon)
Armour
 c - a +0 buckler (worn)
 g - a +0 pair of boots (worn)
 l - a +0 chain mail (worn)
Jewellery
 b - a +4 ring of protection (left hand)
 i - a ring of positive energy (right hand)
Potions
 d - a potion of might
 f - a potion of magic {unknown}
 h - a potion of curing {unknown}
 k - 2 potions of heal wounds
 m - a potion of attraction {unknown}


   Skills:
 + Level 3.7 Fighting
 + Level 3.3 Axes
 + Level 3.6 Armour
 + Level 3.7 Shields


You had 3 spell levels left.
You didn't know any spells.
Your spell library was empty.

Dungeon Overview and Level Annotations

Branches:
Dungeon (3/15)

Altars:
Elyvilon


Innate Abilities, Weirdness & Mutations

You are immune to sickness and miasma.
Your stone body is resilient. (AC +3)
You are immune to poison.
You resist negative energy. (rN+)
You are resistant to electric shocks. (rElec)
You are resistant to unholy torment.
You are immune to petrification.


Message History

Reactivating autopickup.
The orc wizard hits you but does no damage.
The orc hits you but does no damage. x2
The orc wizard gestures wildly while chanting.
The orc wizard flickers and vanishes!
Deactivating autopickup; reactivate with Ctrl-A.
You hit the orc.
You kill the orc!
You closely miss something.
You hear some strange, mumbled words.
Something tries to affect you, but you resist.
Something hits you.
Things that are here:
a +0 dagger; a +0 chain mail You completely miss something.
Something hits you.
You closely miss something. Something hits you.
* * * LOW HITPOINT WARNING * * *
Something completely misses you.
You miss something. Something hits you but does no damage.
You miss something. Something hits you but does no damage.
You hit something. Something hits you.
* * * LOW HITPOINT WARNING * * *
You hear some strange, mumbled words.
A puff of flame appears from out of thin air!
The puff of flame hits you but does no damage.
You miss something. Something hits you.
* * * LOW HITPOINT WARNING * * *
You closely miss something.
You hear some strange, mumbled words.
A magic dart appears from out of thin air!
The magic dart hits you but does no damage.
You hear some strange, mumbled words.
You are confused.
Something hits you.
* * * LOW HITPOINT WARNING * * *
Items here: )) [ ††.
You hear some strange, mumbled words.
A puff of flame appears from out of thin air!
The puff of flame hits you.
You die...

#.§.♣♣♣.♣.≈.#
#.≈.♣...♣.≈.#
#.≈.♣._?♣.≈.#
#.§.♣...♣.≈.# ##
##.≈^♣.♣♣♣.≈.# ....
##..≈....(..≈.##
..#..##.).≈≈≈≈≈§.§≈..#
#......){))..........#
#.......@.†††..#####.#
#..............##....#
........###....##.####
#......## ####.#..#
#.....) #...## .......
##.## .###### #.# #.#
. #.###


There were no monsters in sight!

Vanquished Creatures
  An adder (D:2)
  4 worms
  A dart slug (D:2)
  4 orcs (D:3)
  2 endoplasms (D:1)
  6 giant cockroaches
  2 goblins
  6 hobgoblins
  4 jackals (D:3)
  6 kobolds
  4 ball pythons
  6 bats
  2 frilled lizards (D:2)
  5 rats (D:1)
53 creatures vanquished.

Notes
Turn   | Place    | Note
-------+----------+-------------------------------------------
     0 | D:1      | bande the Gargoyle Fighter began the quest for the Orb.
     0 | D:1      | Reached XP level 1. HP: 14/14 MP: 1/1
   144 | D:1      | Reached XP level 2. HP: 9/19 MP: 2/2
   293 | D:1      | Found a faded altar of an unknown god.
   788 | D:2      | Reached XP level 3. HP: 23/23 MP: 3/3
  1145 | D:2      | Reached XP level 4. HP: 29/29 MP: 4/4
  1450 | D:3      | Found a white marble altar of Elyvilon.
  1497 | D:3      | HP: 1/29 [something (3)]
  1498 | D:3      | Killed from afar by an orc wizard

Illustrated notes

Levels and vault maps discovered:
D:1:      tarquinn_simple_flora_water_b, layout_basic,
          ebering_ecumenical_altar_box
D:2:      layout_basic, reono_crystal_passage
D:3:      layout_rooms, mainiacjoe_overflow_brackets

Skill      XL: |  1  2  3 |
---------------+----------+-----
Axes           | 2 3 |  3.3
Fighting       | |  3.7
Armour         | |  3.6
Shields        | |  3.7

Action                     |  1- 3 |  4- 6 || total
---------------------------+-------+-------++-------
  Melee: War axe           |   125 |    50 ||   175
    Use: Scroll            |     2 |     3 ||     5
 Armour: Scale mail        |    60 |       ||    60
         Chain mail        |     6 |    66 ||    72
  Dodge: Dodged            |    76 |    24 ||   100
  Block: Buckler           |    24 |    16 ||    40

Table legend: (Time is in decaauts)
 A = Elapsed time spent in this place.
 B = Non-inter-level travel time spent in this place.
 C = Inter-level travel time spent in this place.
 D = Time resting spent in this place.
 E = Time spent auto-exploring this place.
 F = Levels seen in this place.
 G = Mean time per level.
                   A        B        C        D        E       F      G
               +--------+--------+--------+--------+--------+-----+--------+
         Total |   1568 |   1514 |     54 |    135 |    919 |   3 |  522.7 |
       Dungeon |   1568 |   1514 |     54 |    135 |    919 |   3 |  522.7 |
               +--------+--------+--------+--------+--------+-----+--------+

Top non-repeatable levels by time:
     D:1: 804 daAuts
     D:2: 630 daAuts
     D:3: 132 daAuts
